 Dungeon Crawl Stone Soup version 0.24-a0-378-g94936e539c (webtiles) character file.

Game seed: 10279407761927256455

112 ohad the Magician (level 4, -23/28 HPs)
             Began as an Octopode Transmuter on June 2, 2019.
             Engulfed by a cloud of flame (25 damage)
             ... on level 3 of the Dungeon.
             The game lasted 00:04:18 (2386 turns).

ohad the Magician (Octopode Transmuter)             Turns: 2386, Time: 00:04:18

Health: -23/28     AC: -3    Str:  6    XL:     4   Next: 93%
Magic:  8/9        EV: 13    Int: 16    God:
Gold:   105        SH:  0    Dex: 12    Spells: 3/9 levels left

rFire    . . .     SeeInvis .     - Unarmed
rCold    . . .     Gourm    .   (no shield)
rNeg     . . .     Faith    .   (helmet restricted)
rPois    .         Spirit   .   (no amulet)
rElec    .         Reflect  .   e - -3 ring of strength (curse)
rCorr    .         Harm     .   j - -4 ring of protection (curse)
MR       .....                  (no ring)
Stlth    +++.......             (no ring)
HPRegen  0.09/turn              (no ring)
MPRegen  0.11/turn              (no ring)
                                (no ring)
                                (no ring)

@: appendage
A: almost no armour, stealthy swim, amphibious, 8 rings, constrict 8, tentacle
spike 3, camouflage 1, gelatinous body 1
a: End Transformation


You were on level 3 of the Dungeon.
You were not hungry.
One of your tentacles had a temporary spike.
You visited 1 branch of the dungeon, and saw 3 of its levels.

You collected 105 gold pieces.

Inventory:

Missiles
 a - 30 arrows
 d - 21 poisoned darts (quivered)
Jewellery
 e - a cursed -3 ring of strength (left tentacle)
 j - a cursed -4 ring of protection (right tentacle)
Scrolls
 f - a scroll of identify
Potions
 b - a potion of heal wounds
 g - a potion of curing {unknown}
 h - a potion of ambrosia
 i - 2 potions of might {unknown}
 k - a potion of lignification {unknown}
Comestibles
 c - 7 rations
 l - a chunk of flesh


   Skills:
 - Level 1.0 Fighting
 - Level 2.0 Dodging
 - Level 2.9 Stealth
 - Level 3.0 Unarmed Combat
 * Level 3.3 Spellcasting
 * Level 3.2 Transmutations


You had 3 spell levels left.
You knew the following spells:

 Your Spells              Type           Power        Failure   Level  Hunger
a - Beastly Appendage     Tmut           ##....       4%          1    None
b - Sticks to Snakes      Tmut           ##......     8%          2    ##.....
c - Spider Form           Tmut/Pois      #.........   28%         3    ###....

Your spell library contained the following spells:

 Spells                   Type           Power        Failure   Level  Hunger
 Ice Form                 Ice/Tmut       #.......     67%         4    ####...
 Blade Hands              Tmut           ##........   80%         5    ######.


Dungeon Overview and Level Annotations

Branches:
Dungeon (3/15)

Altars:
Ashenzari
Qazlal

Annotations:
D:3 1 runed translucent door, Crazy Yiuf


Innate Abilities, Weirdness & Mutations

You cannot wear most types of armour.
You are very stealthy in the water. (Stealth+)
You are amphibious.
You can wear up to eight rings at the same time.
You can use your tentacles to constrict eight enemies at once.
Your skin changes colour to match your surroundings (Stealth+).
Your rubbery body absorbs attacks. (AC +1, EV +1)
One of your tentacles bears a large vicious spike.


Message History

You aren't carrying any weapons that can be enchanted.
m - a scroll labeled ULLOUG WOACE Your tentacle spike disappears.
A hobgoblin comes into view.
As you read the scroll labeled ULLOUG WOACE, it crumbles to dust.
The creatures around you are filled with an inner flame!
It was a scroll of immolation.
Casting: Beastly Appendage (safe; 4% risk of failure)
Confirm with . or Enter, or press ? or * to list all spells.
One of your tentacles grows a vicious spike.
The helpless hobgoblin fails to defend itself.
You tentacle-slap the hobgoblin. You grab the hobgoblin.
You pierce the hobgoblin.
The hobgoblin explodes!
The fiery explosion engulfs you!!
Ouch! That really hurt!
* * * LOW HITPOINT WARNING * * *
You are engulfed in blazing flames.
Ouch! That really hurt!
You die...

#.# . #... #.# #... #.#
#... #.# #..# #.# #..
#.# #.. #.# #..
#.####### #.. #@§......
#.# ......§§§..#### #.#
##########.# #.# #.#
#.####.#####.##
#.............#
#..............
#.####.##...### #.#
#.#....#
##########.####......###


There were no monsters in sight!

Vanquished Creatures
  5 adders
  An ooze (D:1)
  4 worms
  3 dart slugs
  3 leopard geckos
  A giant cockroach (D:1)
  6 goblins
  5 hobgoblins
  A quokka (D:2)
  5 bats
  4 frilled lizards
  4 kobolds
  5 rats
47 creatures vanquished.

Notes
Turn   | Place    | Note
-------+----------+-------------------------------------------
     0 | D:1      | ohad the Octopode Transmuter began the quest for the Orb.
     0 | D:1      | Reached XP level 1. HP: 13/13 MP: 3/3
    78 | D:1      | Reached skill level 1 in Stealth
    78 | D:1      | Reached XP level 2. HP: 15/18 MP: 5/5
   758 | D:2      | Found a stormy altar of Qazlal.
   758 | D:2      | Noticed a water elemental
   759 | D:2      | Noticed a fire elemental
   759 | D:2      | Noticed an earth elemental
   759 | D:2      | Noticed an air elemental
   780 | D:2      | Reached XP level 3. HP: 11/23 MP: 4/6
   975 | D:2      | Learned a level 2 spell: Sticks to Snakes
   979 | D:2      | Learned a level 3 spell: Spider Form
  1034 | D:2      | Reached XP level 4. HP: 23/28 MP: 6/8
  2008 | D:3      | Found a runed translucent door.
  2009 | D:3      | Noticed Crazy Yiuf
  2058 | D:3      | Found a shattered altar of Ashenzari.
  2386 | D:3      | Engulfed by a cloud of flame

Levels and vault maps discovered:
D:1:      dpeg_arrival_subterranean_lakeside_camping, layout_rooms,
          serial_corexii_hall, corexii_hall_statues_x, corexii_hall_statues_l,
          chequers_hall_statues_corner_a
D:2:      layout_basic, nicolae_qazlal_style_of_elements, first_ration
D:3:      layout_loops_ring, kennysheep_minor_cross,
          nicolae_ashenzari_panopticon, uniq_crazy_yiuf_cottage

Skill      XL: |  1  2  3  4 |
---------------+-------------+-----
Stealth        | 1 2 |  2.9
Spellcasting   | 3 |  3.3
Transmutations | 3 |  3.2
Fighting       | |  1.0
Dodging        | |  2.0
Unarmed Combat | |  3.0

Action                   |  1- 3 |  4- 6 || total
-------------------------+-------+-------++-------
Melee: Unarmed           |    56 |    75 ||   131
       Constrict         |    16 |    18 ||    34
       Tentacles         |     6 |    15 ||    21
       Punch             |     1 |       ||     1
       Kick              |     2 |     8 ||    10
 Cast: Beastly Appendage |     3 |     6 ||     9
       Spider Form       |       |     1 ||     1
  Use: Scroll            |     2 |     4 ||     6
 Stab: Sleeping          |     4 |    11 ||    15
  Eat: Chunk             |       |     5 ||     5
Armor: Skin              |     1 |     2 ||     3
Dodge: Dodged            |    31 |    43 ||    74

Table legend:
 A = Non-vault XP
 B = Vault XP
 C = Vault XP percentage of total XP
 D = Non-vault monster count
 E = Vault monster count
 F = Vault count percentage of total count
                 A         B        C        D         E       F
            +---------+---------+-------+---------+---------+-------
      Total |     152 |       8 |   5.0 |      41 |       6 |  12.8
            +---------+---------+-------+---------+---------+-------
        D:1 |      25 |       8 |  24.2 |      10 |       6 |  37.5
        D:2 |      92 |       0 |   0.0 |      22 |       0 |   0.0
        D:3 |      35 |       0 |   0.0 |       9 |       0 |   0.0
            +---------+---------+-------+---------+---------+-------
